cohdb
Replays
Latest Replays
All Replays
Popular Replays
Top Player Replays
Match Explorer
How It Works
Community
CoH3 Stats
Reddit
Sign in to upload your games and track your stats! →
Sign in with Steam
Match 42192239
Unlisted
Match 42192239
Overview
Messages
Build Orders
End
Kettenkrad Recon Vehicle
Construct Infanterie Kompanie
Selects Terror Battlegroup
Selects Machine Gun Camouflage
Grenadier Squad
MG 42 Machine Gun Team
MG 42 Machine Gun Team
Grenadier Squad
Construct Luftwaffe Kompanie
Jäger Squad
Support Elements
Selects Contempt for the Weak
Medical Bunker
Wirbelwind Flakpanzer
Jäger Squad
Jäger Squad
Marder III M Tank Destroyer
Marder III M Tank Destroyer
Selects No Quarter
Luftwaffe Officer Quarters
Wirbelwind Flakpanzer
ildong
Nostalgi@
0
0
Comments
sign in to comment!
No comments posted yet!